 Dungeon Crawl Stone Soup version 0.23.1 (webtiles) character file.

Game seed: 13288747273766117278

21319 vishdafish the Fighter (level 12, -13/154 HPs)
             Began as a Demonspawn Fighter on Mar 16, 2019.
             Was an Elder of Vehumet.
             Mangled by a minotaur
             ... wielding a +2 glaive of venom
              (25 damage)
             ... in a Gauntlet.
             The game lasted 00:22:54 (14370 turns).

vishdafish the Fighter (Demonspawn Fighter)        Turns: 14370, Time: 00:22:55

Health: -13/154    AC: 14    Str: 23    XL:     12   Next: 53%
Magic:  0/12       EV: 12    Int: 10    God:    Vehumet [****..]
Gold:   980        SH: 12    Dex: 14    Spells: 8/11 levels left

rFire    . . .     SeeInvis .   e - +2 hand axe (elec)
rCold    + . .     Gourm    .   c - +0 shield
rNeg     + . .     Faith    .   u - +3 scale mail {MR+}
rPois    .         Spirit   +   (no helmet)
rElec    .         Reflect  .   E - +0 cloak
rCorr    .         Harm     .   (no gloves)
MR       +....     NoTele   +   (no boots)
Stlth    ..........             (no amulet)
HPRegen  0.35/turn              G - +4 ring of evasion
MPRegen  0.26/turn              D - ring of positive energy

@: berserking (expiring), lethally poisoned (-13 -> -48), very slightly
contaminated, hasted, studying Invocations, heavily drained, invisible, very
quick
A: claws 1, talons 1, rugged brown scales 1, cold resistance 1, dopey 1, shaggy
fur 1, spiny 3, magic shield, magic regeneration
a: Renounce Religion


You were in a Gauntlet.
You worshipped Vehumet.
Vehumet was greatly pleased with you.
You were not hungry.

You visited 3 branches of the dungeon, and saw 15 of its levels.
You also visited: Sewer and Gauntlet.

You collected 1142 gold pieces.
You spent 162 gold pieces at shops.

Inventory:

Hand Weapons
 a - a +0 war axe
 e - a +2 hand axe of electrocution (weapon)
 m - a -3 war axe
 K - a +0 spear of piercing
 M - the +1 flail of Harmony {elec, +Blink Str+3}
   (You found it on level 9 of the Dungeon)

   Occasionally, upon striking a foe, it will discharge some electrical energy
   and cause terrible harm.
   It affects your strength (+3).
   It lets you blink.
Missiles
 q - 4 throwing nets
 v - 18 tomahawks
 J - 5 silver javelins (quivered)
 Q - 7 javelins
Armour
 b - a +0 scale mail
 c - a +0 shield (worn)
 u - a +3 scale mail of magic resistance (worn)
 E - a +0 cloak (worn)
Jewellery
 d - an uncursed ring of fire
 D - a ring of positive energy (right claw)
 G - a +4 ring of evasion (left claw)
 H - an uncursed ring of wizardry
 S - an uncursed amulet of the acrobat
Wands
 t - a wand of paralysis (14)
 C - a wand of acid (7)
 O - a wand of flame (36)
 R - a wand of digging (6)
Scrolls
 h - 4 scrolls of magic mapping
 i - 3 scrolls of remove curse
 k - a scroll of immolation {unknown}
 l - 2 scrolls of noise
 o - 12 scrolls of teleportation
 r - 2 scrolls of amnesia
 s - 2 scrolls of blinking
 y - 5 scrolls of fear
 F - a scroll of fog
 L - 3 scrolls of enchant armour
 P - 3 scrolls of enchant weapon
 U - 3 scrolls of acquirement {unknown}
Potions
 g - a potion of ambrosia
 j - 4 potions of curing
 p - 2 potions of brilliance
 x - 2 potions of lignification
 A - a potion of haste
 I - a potion of cancellation {unknown}
Books
 B - a manual of Invocations
Miscellaneous
 N - a sack of spiders
Comestibles
 f - 29 rations


   Skills:
 - Level 11.0(9.5) Fighting
 - Level 10.0(8.6) Axes
 - Level 10.1(8.7) Armour
 - Level 0.5(0.0) Dodging
 - Level 10.2(8.8) Shields
 * Level 0.0 Evocations


You had 8 spell levels left.
You knew the following spells:

 Your Spells              Type           Power        Failure   Level  Hunger
a - Mephitic Cloud        Conj/Pois/Air  #.......     78%         3    ####...

Your spell library contained the following spells:

 Spells                   Type           Power        Failure   Level  Hunger
 Freezing Cloud           Conj/Ice/Air   #.........   100%        6    #######
 Static Discharge         Conj/Air       #.......     78%         3    ####...
 Stone Arrow              Conj/Erth      #.....       78%         3    ####...
 Animate Skeleton         Necr           N/A          88%         1    ##.....
 Apportation              Tloc           #.....       88%         1    ##.....
 Confusing Touch          Hex            #.....       88%         1    ##.....
 Summon Small Mammal      Summ           #...         88%         1    ##.....
 Force Lance              Conj/Tloc      #.......     98%         4    #####..
 Alistair's Intoxication  Tmut/Pois      #.......     100%        5    ######.
 Venom Bolt               Conj/Pois      #.........   100%        5    ######.


Dungeon Overview and Level Annotations

Branches:
Dungeon (12/15)            Temple (1/1) D:5            Lair (2/6) D:11
 Spider (0/4) Lair:2          Orc (0/2) D:12
  Swamp: Lair:2-4    Shoals: Lair:2-4

Altars:
Cheibriados
Dithmenos
Elyvilon
Fedhas
Gozag
Hepliaklqana
Makhleb
Nemelex Xobeh
Okawaru
Qazlal
Sif Muna
Trog
Vehumet
Wu Jian
Xom
Yredelemnul
The Shining One

Shops:
D:4 }*:   D:9 =

Annotations:
Gauntlet 4 transporters


Innate Abilities, Weirdness & Mutations

You have sharp fingernails.
You are partially covered in rugged brown scales. (AC +1, +3% HP)
You are completely covered in sharp spines.
When hurt, damage is shared between your health and your magic reserves.
You regenerate magic rapidly.
You have sharp toenails.
Your flesh is cold resistant. (rC+)
You are dopey. (Int -2)
You are covered in fur. (AC +1)


Message History

The minotaur is severely wounded.
You feel sick.
The minotaur hits you with a +2 glaive of venom!
* * * LOW HITPOINT WARNING * * *
You are more poisoned.
The minotaur gores you!
* * * LOW HITPOINT WARNING * * *
You are too berserk!
You strike the helpless minotaur from behind!
You hit the minotaur but do no damage. You claw the minotaur.
The minotaur is severely wounded.
* * * LOW HITPOINT WARNING * * *
You feel sick.
Unknown command.
You hit the minotaur but do no damage. Lightning courses through the minotaur!
The minotaur is almost dead.
* * * LOW HITPOINT WARNING * * *
You feel sick. The minotaur is struck by your spines.
The minotaur hits you with a +2 glaive of venom!!
You die...

...#...## ####...§#
.......# ##########
....8.####(....H@.#
....§§§##..###.##(##
###...##...((.....8#
..#...#....#.#.....#
#[#...#.8©.#.#.#####
..#...#....#...#
#©#.8.#.8©.###.'
..#...#....# ..#
#.#...#.8©.# #.#


You could see a minotaur.

Vanquished Creatures
  2 hydras
  A ghost crab (Gauntlet)
  2 two-headed ogres (D:8)
  An orange crystal statue (Gauntlet)
  A manticore (D:11)
  An oklob plant (D:11)
  A cyclops (D:11)
  3 centaur zombies (D:12)
  2 elephants (Lair:2)
  2 komodo dragons (Lair:1)
  A jumping spider (Lair:2)
  5 hippogriffs
  2 wraiths (D:12)
  29 yaks
  4 hungry ghosts
  A basilisk (Lair:1)
  Grum (D:8)
  4 water moccasins
  7 orc warriors
  5 porcupines
  An ice beast (D:6)
  5 phantoms
  A hornet zombie (D:6)
  7 ogres
  A necrophage (D:11)
  2 black bears
  A wolf (D:8)
  3 centaurs
  A crocodile (D:10)
  2 big kobolds
  10 bullfrogs
  3 gnoll sergeants (D:8)
  A wyvern skeleton (D:8)
  6 scorpions
  3 killer bees (D:12)
  A jelly (D:8)
  3 wights (D:11)
  2 howler monkeys (D:6)
  A crimson imp (D:9)
  A bullfrog zombie (D:12)
  17 hounds
  13 orc priests
  4 gnoll shamans (D:8)
  2 bullfrog skeletons
  Natasha (thrice) (D:3)
  3 centaur skeletons
  4 iguanas
  Ijyb (D:3)
  Terence (D:3)
  8 orc wizards
  10 worker ants
  A killer bee zombie (D:7)
  3 hound skeletons
  3 hound zombies
  2 worker ant zombies
  25 gnolls
  A howler monkey skeleton (D:8)
  10 adders
  3 river rats (Sewer)
  A shadow imp (D:6)
  4 oozes
  An adder zombie (D:5)
  An adder skeleton (D:5)
  A worm (D:6)
  A dart slug (D:1)
  4 leopard geckos
  50 orcs
  5 bats
  6 giant cockroaches
  17 goblins
  10 hobgoblins
  6 jackals
  8 quokkas
  A ball python (D:3)
  9 frilled lizards
  A giant cockroach zombie (D:6)
  2 jackal zombies (D:5)
  7 kobolds
  A quokka skeleton (D:6)
  9 rats
  2 plants (D:11)
391 creatures vanquished.

Notes
Turn   | Place    | Note
-------+----------+-------------------------------------------
     0 | D:1      | vishdafish the Demonspawn Fighter began the quest for the
                  | Orb.
     0 | D:1      | Reached XP level 1. HP: 18/18 MP: 1/1
    72 | D:1      | Gained mutation: You are partially covered in sharp spines.
                  | [demonic ancestry]
    72 | D:1      | Reached XP level 2. HP: 11/24 MP: 2/2
   598 | D:2      | Reached XP level 3. HP: 29/29 MP: 3/3
   884 | D:2      | Gained mutation: You are mostly covered in sharp spines.
                  | [demonic ancestry]
   884 | D:2      | Reached XP level 4. HP: 28/35 MP: 4/4
  1558 | D:3      | Noticed Terence
  1571 | D:3      | Killed Terence
  1571 | D:3      | Reached XP level 5. HP: 9/42 MP: 5/5
  1832 | D:3      | Noticed Natasha
  1842 | D:3      | Killed Natasha
  1979 | D:3      | Noticed Natasha
  1986 | D:3      | Killed Natasha
  1986 | D:3      | Reached skill level 4 in Fighting
  2267 | D:3      | Noticed Natasha
  2275 | D:3      | Killed Natasha
  2275 | D:3      | Gained mutation: You have sharp fingernails. [demonic
                  | ancestry]
  2275 | D:3      | Reached XP level 6. HP: 27/48 MP: 6/6
  2537 | D:3      | Noticed Ijyb
  2537 | D:3      | Paralysed by Ijyb for 3 turns
  2547 | D:3      | Paralysed by Ijyb for 2 turns
  2550 | D:3      | Paralysed by Ijyb for 7 turns
  2557 | D:3      | Killed Ijyb
  2702 | D:4      | Found Hofud's Gadget Shoppe.
  2760 | D:4      | Found a basalt altar of Yredelemnul.
  2950 | D:4      | Gained mutation: When hurt, damage is shared between your
                  | health and your magic reserves. [demonic ancestry]
  2950 | D:4      | Reached XP level 7. HP: 22/55 MP: 7/7
  3212 | D:4      | Found Yxagg's Book Emporium.
  3275 | D:4      | Identified the Disquisition on Destructive Poisoning
  3509 | D:4      | Found Teqeseah's Assorted Antiques.
  3512 | D:4      | Bought a pink potion for 21 gold pieces
  3512 | D:4      | Bought a scroll labeled DEPRUE LUDO for 24 gold pieces
  3512 | D:4      | Bought a scroll labeled GIYBRI MOAGYL for 24 gold pieces
  3512 | D:4      | Bought a brown potion for 21 gold pieces
  3512 | D:4      | Bought 3 scrolls labeled ASULIY ZUEM for 72 gold pieces
  3683 | D:5      | Entered Level 5 of the Dungeon
  3691 | D:5      | Gained mutation: You are clumsy. (Dex -2) [potion of
                  | mutation]
  3691 | D:5      | Gained mutation: Your muscles are strong. (Str +2) [potion
                  | of mutation]
  3692 | D:5      | Lost mutation: Your muscles are strong. (Str +2) [potion of
                  | mutation]
  3692 | D:5      | Lost mutation: You are clumsy. (Dex -2) [potion of
                  | mutation]
  3692 | D:5      | Gained mutation: You are covered in fur. (AC +1) [potion of
                  | mutation]
  3692 | D:5      | Gained mutation: You have sharp toenails. [potion of
                  | mutation]
  3692 | D:5      | Gained mutation: You are dopey. (Int -2) [potion of
                  | mutation]
  3692 | D:5      | Gained mutation: Your flesh is cold resistant. (rC+)
                  | [potion of mutation]
  3730 | D:5      | Found a staircase to the Ecumenical Temple.
  3751 | Temple   | Entered the Ecumenical Temple
  3848 | Temple   | Became a worshipper of Vehumet
  3918 | D:5      | Reached skill level 5 in Fighting
  4185 | D:5      | Reached skill level 5 in Shields
  4218 | D:5      | Reached XP level 8. HP: 61/63 MP: 8/8
  4396 | D:5      | Reached skill level 5 in Armour
  4983 | D:6      | Reached skill level 6 in Fighting
  4983 | D:6      | Reached skill level 5 in Axes
  5052 | D:6      | Found a glowing drain.
  5059 | D:6      | Reached * piety under Vehumet
  5059 | D:6      | Offered knowledge of Sting by Vehumet.
  5064 | Sewer    | Entered a sewer
  5513 | D:6      | Gained mutation: You are completely covered in sharp
                  | spines. [demonic ancestry]
  5513 | D:6      | Reached XP level 9. HP: 71/71 MP: 9/9
  6236 | D:7      | Reached ** piety under Vehumet
  6236 | D:7      | Offered knowledge of Magic Dart by Vehumet.
  6403 | D:8      | Reached skill level 7 in Fighting
  7072 | D:8      | Offered knowledge of Conjure Flame by Vehumet.
  7146 | D:8      | Noticed a two-headed ogre
  7158 | D:8      | Killed a two-headed ogre
  7158 | D:8      | Reached XP level 10. HP: 10/80 MP: 5/10
  7494 | D:8      | Noticed a two-headed ogre
  7503 | D:8      | Killed a two-headed ogre
  7503 | D:8      | Reached *** piety under Vehumet
  7503 | D:8      | Reached skill level 8 in Fighting
  7815 | D:8      | Noticed Grum
  7821 | D:8      | Killed Grum
  8017 | D:9      | Offered knowledge of Mephitic Cloud by Vehumet.
  8040 | D:9      | Learned a level 3 spell: Mephitic Cloud
  8041 | D:9      | Found Wiplia's Jewellery Emporium.
  8546 | D:9      | Got a dazzling flail
  8547 | D:9      | Identified the +1 flail of Harmony {elec, +Blink Str+3}
                  | (You found it on level 9 of the Dungeon)
  9194 | D:10     | Entered Level 10 of the Dungeon
  9381 | D:10     | Reached **** piety under Vehumet
  9407 | D:10     | Offered knowledge of Iskenderun's Battlesphere by Vehumet.
  9452 | D:10     | Reached skill level 9 in Fighting
  9676 | D:11     | Found a staircase to the Lair.
  9710 | D:11     | Gained mutation: You regenerate magic rapidly. [demonic
                  | ancestry]
  9710 | D:11     | Reached XP level 11. HP: 61/89 MP: 11/11
  9863 | D:11     | Noticed an oklob plant
 10076 | D:11     | Found a snail-covered altar of Cheibriados.
 10816 | D:12     | Reached ***** piety under Vehumet
 10816 | D:12     | Offered knowledge of Freezing Cloud by Vehumet.
 11155 | D:12     | Found a staircase to the Orcish Mines.
 11583 | D:12     | Reached skill level 10 in Fighting
 12267 | D:11     | Killed an oklob plant
 12390 | Lair:1   | Entered Level 1 of the Lair of Beasts
 12676 | Lair:1   | Gained mutation: You are partially covered in rugged brown
                  | scales. (AC +1, +3% HP) [demonic ancestry]
 12676 | Lair:1   | Reached XP level 12. HP: 87/99 MP: 12/12
 12866 | Lair:1   | Noticed a seven-headed hydra
 12877 | Lair:1   | Killed a seven-headed hydra
 13584 | Lair:2   | Noticed an eight-headed hydra
 13590 | Lair:2   | Killed an eight-headed hydra
 13603 | Lair:2   | Reached skill level 10 in Shields
 13649 | Lair:2   | Reached skill level 10 in Armour
 13695 | Lair:2   | Found a gate leading to a gauntlet.
 13708 | Gauntlet | Entered a Gauntlet
 13708 | Gauntlet | Found a transporter.
 13845 | Gauntlet | Found a transporter.
 13849 | Gauntlet | Found a transporter.
 13849 | Gauntlet | Found a transporter.
 13851 | Gauntlet | Found a transporter.
 13863 | Gauntlet | Found a transporter.
 13865 | Gauntlet | Found a transporter.
 13865 | Gauntlet | Noticed a ghost crab
 13866 | Gauntlet | Found a transporter.
 13977 | Gauntlet | Got a sparkling zirconium amulet
 13979 | Gauntlet | Identified the amulet of Maigh {Harm *Drain rC+} (You found
                  | it in a Gauntlet)
 14190 | Gauntlet | Killed a ghost crab
 14190 | Gauntlet | Reached skill level 11 in Fighting
 14190 | Gauntlet | Reached skill level 10 in Axes
 14202 | Gauntlet | Got a pair of pitted boots
 14208 | Gauntlet | Identified the -2 pair of boots of Zuofuize {*Corrode Str+4
                  | Dex+3 Stlth+} (You found it in a Gauntlet)
 14328 | Gauntlet | Noticed a minotaur
 14370 | Gauntlet | Mangled by a minotaur

Skill      XL: |  1  2  3  4  5  6  7  8  9 10 11 12 |
---------------+-------------------------------------+-----
Axes           | 2 3 4 5 6 8 9 10 | 10.0
Shields        | 3 4 5 6 7 8 9 10 | 10.2
Armour         | 3 4 6 7 8 9 10 | 10.1
Fighting       | 4 5 6 7 9 10 11 | 11.0
Dodging        | |  0.5

Action                   |  1- 3 |  4- 6 |  7- 9 | 10-12 || total
-------------------------+-------+-------+-------+-------++-------
Melee: War axe           |    67 |   107 |    69 |       ||   243
       Long sword        |       |     1 |       |       ||     1
       Kick              |       |       |    66 |   179 ||   245
       Hand axe          |       |       |   217 |   505 ||   722
       Spear             |       |       |       |     7 ||     7
       Flail             |       |       |       |     5 ||     5
Throw: Stone             |       |     9 |       |       ||     9
       Javelin           |       |       |     3 |    14 ||    17
       Throwing net      |       |       |       |     1 ||     1
       Tomahawk          |       |       |       |     1 ||     1
Evoke: Wand              |       |     1 |     2 |    24 ||    27
       Sack of spiders   |       |       |       |     7 ||     7
  Use: Scroll            |       |     2 |    12 |     6 ||    20
       Potion            |       |     2 |     3 |     8 ||    13
 Stab: Paralysed         |       |     3 |       |       ||     3
       Invisible         |       |       |       |     2 ||     2
  Eat: Ration            |       |     2 |     2 |     4 ||     8
       Chunk             |       |       |     7 |    14 ||    21
Armor: Scale mail        |    31 |    38 |   122 |   160 ||   351
Dodge: Dodged            |    26 |    24 |    75 |   177 ||   302
Block: Shield            |    44 |    53 |   164 |   311 ||   572
